 Dungeon Crawl Stone Soup version 0.28.0-53-g5a82cb258f (webtiles) character file.

Game seed: 6415025912634749717

130 MiltankisOP the Gusty (level 5, -5/28 HPs)
             Began as a Tengu Air Elementalist on June 14, 2022.
             Killed from afar by Ijyb (33 damage)
             ... with a bolt of acid
             ... on level 3 of the Dungeon.
             The game lasted 00:07:35 (2777 turns).

MiltankisOP the Gusty (Tengu Air Elementalist)      Turns: 2777, Time: 00:07:36

Health: -5/28      AC:  3    Str:  8    XL:     5   Next: 14%
Magic:  16/18      EV: 14    Int: 18    God:
Gold:   155        SH:  0    Dex: 14    Spells: 5/8 levels left

rFire   . . .      SeeInvis .   g - +1 spear (venom)
rCold   . . .      Faith    .   (no shield)
rNeg    . . .      Spirit   .   a - +0 robe
rPois   .          Reflect  .   (helmet restricted)
rElec   .          Harm     .   (no cloak)
rCorr   .          Rampage  .   b - +0 pair of gloves
Will    .....                   (boots unavailable)
Stlth   ++........              (no amulet)
HPRegen 0.09/turn               n - ring of magical power
MPRegen 0.16/turn               (no ring)

@: flying quickly and evasively, quick
A: beak, talons 3, nimble flight
a: no special abilities


You were on level 3 of the Dungeon.
You visited 1 branch of the dungeon, and saw 3 of its levels.

You collected 155 gold pieces.

Inventory:

Hand Weapons
 g - a +1 spear of venom (weapon)
Armour
 a - a +0 robe (worn)
 b - a +0 pair of gloves (worn)
Jewellery
 n - a ring of magical power (left hand)
Scrolls
 c - a scroll of vulnerability {unknown}
 e - a scroll of amnesia {unknown}
 h - a scroll of noise {unknown}
 i - 2 scrolls of enchant armour {unknown}
 j - a scroll of magic mapping {unknown}
 m - 2 scrolls of identify {unknown}
Potions
 d - a potion of haste {unknown}
 f - a potion of heal wounds {unknown}
 k - a potion of invisibility {unknown}
 l - a potion of degeneration {unknown}


   Skills:
 - Level 0.1 Fighting
 - Level 2.1 Dodging
 - Level 2.0 Stealth
 - Level 2.0 Spellcasting
 - Level 3.0 Conjurations
 + Level 6.9 Air Magic


You had 5 spell levels left.
You knew the following spells:

 Your Spells              Type           Power      Damage    Failure   Level
a - Shock                 Conj/Air       76%        1d7       2%          1
b - Static Discharge      Conj/Air       19%        N/A       3%          2

Your spell library contained the following spells:

 Spells                   Type           Power      Damage    Failure   Level
 Swiftness                Air            26%        N/A       3%          3
 Foxfire                  Conj/Fire      28%        2x1d5     10%         1
 Airstrike                Air            13%        N/A       11%         4
 Hailstorm                Conj/Ice       7%         3d4       67%         4
 Ice Form                 Ice/Tmut       1%         N/A       87%         4
 Lehudib's Crystal Spear  Conj/Erth      3%         10d3      100%        8


Dungeon Overview and Level Annotations

Branches:
Dungeon (3/15)

Altars:

Shops:
D:1 =

Annotations:
D:3 Ijyb


Innate Abilities, Weirdness & Mutations

You have a beak for a mouth.
You have claws for feet.
Your magical nature lets you fly swiftly and evasively.


Message History

Press: ? - help, Shift-Dir - straight line, f - Ijyb
Aim: Ijyb, wielding a +0 dagger, wearing a +0 leather armour and carrying a wand of acid (6) (wandering, hasn't noticed you, 64% to hit)
Okay, then.
Casting: Shock (safe; 2% risk of failure)
Confirm with . or Enter, or press ? or * to list all spells.
Aiming: Shock (safe; 2% risk of failure)
Press: ? - help, Shift-Dir - straight line, f - Ijyb
Aim: Ijyb, wielding a +0 dagger, wearing a +0 leather armour and carrying a wand of acid (6) (wandering, hasn't noticed you, 64% to hit)
The zap hits Ijyb.
Ijyb is moderately wounded.
Ijyb shouts!
Casting: Shock (safe; 2% risk of failure)
Confirm with . or Enter, or press ? or * to list all spells.
Aiming: Shock (safe; 2% risk of failure)
Press: ? - help, Shift-Dir - straight line, p - Ijyb
Okay, then.
Casting: Shock (safe; 2% risk of failure)
Confirm with . or Enter, or press ? or * to list all spells.
Aiming: Shock (safe; 2% risk of failure)
Press: ? - help, Shift-Dir - straight line, f/p - Ijyb
Aim: Ijyb, wielding a +0 dagger, wearing a +0 leather armour and carrying a wand of acid (6) (moderately wounded, 64% to hit)
The zap misses Ijyb.
Ijyb screams, "You nasty!
Big nasty!"
Casting: Shock (safe; 2% risk of failure)
Confirm with . or Enter, or press ? or * to list all spells.
Aiming: Shock (safe; 2% risk of failure)
Press: ? - help, Shift-Dir - straight line, p - Ijyb The zap hits Ijyb.
Ijyb is moderately wounded.
Casting: Shock (safe; 2% risk of failure)
Confirm with . or Enter, or press ? or * to list all spells.
Aiming: Shock (safe; 2% risk of failure)
Press: ? - help, Shift-Dir - straight line The zap hits Ijyb.
Ijyb is heavily wounded.
The zap hits Ijyb.
Ijyb is severely wounded.
Ijyb zaps a wand.
The bolt of acid hits you!!
Ouch! That really hurt!
You die...

....# .#### ### ## #.#
######### # #.# #........
########## #.# ###....†...
#........# #.# ###........##
#.>.)....#######.#
##..g....⌠.##
#.........##.....###..#......##
###.##........##@...g####...##
....##........#..##### ##.##
................## ####..#
..†.......####.## #.....+
......#.#.#................#
...............#######.##..#
..........[..### #g. #...#
............. #.. #....#
......#.##### .... #...⌠.#


You could see Ijyb.

Vanquished Creatures
  An adder (D:2)
  7 gnolls (D:2)
  2 dart slugs
  2 worms (D:3)
  3 ball pythons
  An endoplasm (D:1)
  A giant cockroach (D:1)
  A hobgoblin (D:3)
  4 jackals (D:1)
  3 quokkas
  4 bats
  2 frilled lizards (D:2)
  6 goblins
  3 kobolds
  8 rats
48 creatures vanquished.

Notes
Turn   | Place    | Note
-------+----------+-------------------------------------------
     0 | D:1      | MiltankisOP the Tengu Air Elementalist began the quest for
                  | the Orb.
     0 | D:1      | Reached XP level 1. HP: 10/10 MP: 4/4
   146 | D:1      | Found Doyvapet's Jewellery Shoppe.
   273 | D:1      | Reached XP level 2. HP: 15/15 MP: 1/6
   809 | D:1      | Found a faded altar of an unknown god.
   956 | D:1      | Reached skill level 5 in Air Magic
  1172 | D:2      | Reached XP level 3. HP: 19/19 MP: 0/7
  1442 | D:2      | Reached skill level 6 in Air Magic
  1442 | D:2      | Reached XP level 4. HP: 17/24 MP: 1/8
  2331 | D:3      | Gained mutation: Your magical nature lets you fly swiftly
                  | and evasively. [Tengu growth]
  2331 | D:3      | Reached XP level 5. HP: 28/28 MP: 4/9
  2382 | D:2      | Got the Reference Book on Hurtful Cold
  2386 | D:2      | Learned a level 2 spell: Static Discharge
  2760 | D:3      | Noticed Ijyb
  2777 | D:3      | Killed from afar by Ijyb

Illustrated notes

Levels and vault maps discovered:
D:1:      minmay_arrival_semitransparent, layout_basic, serial_shops, shop,
          dreamdust_ecumenical_altar_statues, chequers_serial_rivers_micro_a
D:2:      layout_basic, minmay_misc_feat_tower, corexii_item_surrounded_by_moat
D:3:      layout_rooms, nicolae_overflow_ecumenical_swirl, uniq_jessica,
          uniq_ijyb

Skill      XL: |  1  2  3  4 |
---------------+-------------+-----
Air Magic      | 5 6 |  6.9
Conjurations   | 2 3 |  3.0
Fighting       | |  0.1
Dodging        | |  2.1
Stealth        | |  2.0
Spellcasting   | |  2.0

Action                   |  1- 3 |  4- 6 || total
-------------------------+-------+-------++-------
Melee: Unarmed           |    12 |       ||    12
       Peck              |     3 |       ||     3
       Kick              |     1 |       ||     1
 Cast: Shock             |    49 |    56 ||   105
Armor: Robe              |    12 |     1 ||    13
Dodge: Dodged            |    24 |     2 ||    26
